 Dungeon Crawl Stone Soup version 0.19.0-19-g8c6edcc (webtiles) character file.

623 Leszczynek the Spear-Bearer (level 7, -3/52 HPs)
             Began as a Merfolk Earth Elementalist on Nov 14, 2016.
             Was a Follower of Sif Muna.
             Slain by nht's ghost (11 damage)
             ... on level 6 of the Dungeon.
             The game lasted 00:19:00 (6217 turns).

Leszczynek the Spear-Bearer (MfEE)                  Turns: 6217, Time: 00:19:01

Health: -3/52      AC:  8    Str: 11    XL:     7   Next: 47%
Magic:  10/10      EV: 12    Int: 14    God:    Sif Muna [*.....]
Gold:   217        SH:  0    Dex: 14    Spells: 2 memorised, 7 levels left

rFire  + . .     SeeInvis .     a - +1 trident
rCold  + . .     Gourm    +     r - +0 ring mail
rNeg   . . .     Faith    .     (no shield)
rPois  .         Spirit   .     q - +2 helmet
rElec  .         Reflect  .     (no cloak)
rCorr  .         Harm     .     (no gloves)
MR     .....                    (no boots)
Stlth  +.........               t - amulet of the gourmand
                                x - ring of protection from fire
                                u - ring of protection from cold

@: no status effects
A: change form in water, swift swim, stealthy swim, mutation resistance 1,
screaming 1
a: Divine Energy, Renounce Religion


You were on level 6 of the Dungeon.
You worshipped Sif Muna.
Sif Muna was aware of your devotion.
You were completely stuffed.

You visited 1 branch of the dungeon, and saw 6 of its levels.
You also visited: Ossuary.

You collected 217 gold pieces.

Inventory:

Hand Weapons
 a - a +1 trident (weapon)
Missiles
 y - 2 tomahawks (quivered)
Armour
 q - a +2 helmet (worn)
 r - a +0 ring mail (worn)
Jewellery
 t - an amulet of the gourmand (around neck)
 u - a ring of protection from cold (left hand)
 x - a ring of protection from fire (right hand)
Wands
 i - a wand of flame (18/48)
Scrolls
 c - 3 scrolls of remove curse
 k - a scroll of magic mapping
 l - 2 scrolls of recharging
 n - 2 scrolls of teleportation
 p - a scroll of fear {unknown}
Potions
 g - a potion of lignification
 j - 3 potions of resistance
 m - 2 potions of agility
 z - a potion of brilliance
 C - 2 potions of invisibility {unknown}
Comestibles
 d - 4 bread rations
 h - a meat ration
 A - 5 fruits


   Skills:
 - Level 3.1 Fighting
 + Level 9.5 Polearms
 - Level 4.2 Dodging
 - Level 2.1 Stealth
 - Level 2.0 Spellcasting
 - Level 1.3 Transmutations
 - Level 2.4 Earth Magic


You had 7 spell levels left.
You knew the following spells:

 Your Spells              Type           Power        Failure   Level  Hunger
a - Sandblast             Erth           #.....       24%         1    ##.....
b - Passwall              Tmut/Erth      #.........   47%         2    ###....


Dungeon Overview and Level Annotations

Branches:
Dungeon (6/15)
 Temple: D:4-7

Altars:
Ashenzari
Gozag
Okawaru
Sif Muna
Yredelemnul

Annotations:
D:4 unexplored, Blork the orc
D:5 unexplored, Grinder, Prince Ribbit
D:6 nht's ghost, novice MfBe


Innate Abilities, Weirdness & Mutations

You revert to your normal form in water.
You are very nimble and swift while swimming.
You are very stealthy in the water. (Stealth+)
You are somewhat resistant to further mutation.
You occasionally shout uncontrollably at your foes.


Message History

The orc wizard is moderately wounded.
The orc wizard hits you but does no damage.
You barely miss the orc wizard.
The orc wizard is moderately wounded.
The orc wizard mumbles some strange words.
The orc wizard blinks!
You cannot move.
Okay, then.
It was a potion of mutation.
You feel extremely strange.
You feel genetically stable.
You feel the urge to shout.
Unknown command.
It was a potion of cancellation.
Your magical effects are unravelling.
You feel magically purged.
You feel less woody.
Your +2 helmet unmelds from your body.
Your +0 ring mail unmelds from your body.
You feel a little less agile now. Nht's ghost hits you!
You die...

### #.. ####### #.#
###<#.#.#######.# #
#.............#.# #
#.#@#.#.#.###.#.####
#..)W......o........
#.#.#.#.#..##.#.##.#
#....o...o.##.#..F..
#.#.#.#.##.##.####..
#.#..#........o.....
# ...#####.##.###...
#.. #....#.....
#..#.#.#...


You could see an orc wizard and nht's ghost.

Vanquished Creatures
  A bullfrog (D:6)
  2 crimson imps
  2 orc wizards (D:4)
  A bullfrog skeleton (D:6)
  An orc priest (D:6)
  An iguana (D:3)
  A worker ant (D:6)
  11 mummies (Ossuary)
  3 adders
  An ooze (D:3)
  3 worms
  5 dart slugs
  4 leopard geckos
  8 orcs
  5 ball pythons
  8 bats
  7 giant cockroaches
  7 goblins
  7 hobgoblins
  2 jackals (D:5)
  3 quokkas
  5 frilled lizards
  2 gnoll skeletons (Ossuary)
  2 goblin skeletons (Ossuary)
  8 kobolds
  3 kobold skeletons (Ossuary)
  An orc skeleton (Ossuary)
  10 rats
  11 rat skeletons (Ossuary)
125 creatures vanquished.

Vanquished Creatures (others)
  2 mummies (Ossuary)
2 creatures vanquished.

Grand Total: 127 creatures vanquished

Notes
Turn   | Place    | Note
-------+----------+-------------------------------------------
     0 | D:1      | Leszczynek the Merfolk Earth Elementalist began the quest for the Orb.
     0 | D:1      | Reached XP level 1. HP: 13/13 MP: 3/3
   147 | D:1      | Reached skill level 1 in Fighting
   330 | D:1      | Reached XP level 2. HP: 22/22 MP: 0/5
   716 | D:1      | Reached skill level 2 in Fighting
  1213 | D:1      | the hobgoblin wears a leather armour and it's enough to render sandblast absolutely useless
  1213 | D:1      | i used up 16 stones already
  1213 | D:1      | so yeah, this is with stones wielded
  1213 | D:1      | not the normal sandblast, the empowered one
  1213 | D:1      | and i can't even scratch a hobgoblin on d:1
  1213 | D:1      | this is the absolute worst spell in the whole game
  1553 | D:1      | Reached XP level 3. HP: 22/28 MP: 6/6
  1870 | D:2      | Reached skill level 3 in Fighting
  2016 | D:2      | Found a deep blue altar of Sif Muna.
  2019 | D:2      | Found an iron altar of Okawaru.
  2024 | D:2      | Found a shattered altar of Ashenzari.
  2025 | D:2      | and here's sif
  2025 | D:2      | the plan is to play godless, more or less
  2027 | D:2      | Became a worshipper of Sif Muna the Loreminder
  2063 | D:2      | Reached skill level 3 in Dodging
  2702 | D:2      | can't find even a stupid spear
  3003 | D:2      | Learned a level 2 spell: Passwall
  3082 | D:2      | Reached XP level 4. HP: 35/35 MP: 3/7
  3248 | D:2      | Reached skill level 4 in Dodging
  3517 | D:3      | trident, good
  3566 | D:3      | Reached skill level 1 in Polearms
  3595 | D:3      | wait
  3595 | D:3      | but to win with sif, i need to train spells
  3595 | D:3      | hmmmm
  3595 | D:3      | well, i hope i'll manage in the later part of the game
  3670 | D:3      | Reached skill level 2 in Polearms
  3778 | D:3      | Reached skill level 3 in Polearms
  3789 | D:3      | Reached XP level 5. HP: 41/41 MP: 8/8
  4167 | D:3      | Reached skill level 4 in Polearms
  4261 | D:4      | Reached skill level 5 in Polearms
  4269 | D:4      | this wasn't very smart
  4300 | D:4      | Noticed Blork the orc
  4305 | D:4      | ehhh, blork
  4317 | D:4      | maybe just skip the level
  4317 | D:4      | all stairs are so close
  4319 | D:5      | Entered Level 5 of the Dungeon
  4440 | D:5      | Found a sand-covered staircase.
  4448 | Ossuary  | Entered an ossuary
  4471 | Ossuary  | Reached XP level 6. HP: 24/47 MP: 9/9
  4643 | Ossuary  | Reached skill level 6 in Polearms
  4683 | Ossuary  | Reached * piety under Sif Muna
  4685 | Ossuary  | oh
  4685 | Ossuary  | you can actually gain piety just from kills
  4685 | Ossuary  | as in you don't even out with the loss
  5024 | Ossuary  | Reached skill level 7 in Polearms
  5579 | D:5      | Reached skill level 8 in Polearms
  5579 | D:5      | Reached XP level 7. HP: 52/52 MP: 10/10
  5587 | D:5      | Found an opulent altar of Gozag.
  5587 | D:5      | Noticed Grinder
  5651 | D:5      | Noticed Prince Ribbit
  5652 | D:5      | crap
  5986 | D:5      | Found a basalt altar of Yredelemnul.
  6079 | D:6      | another level i have to leave unexplored because of an unique
  6133 | D:6      | great
  6184 | D:6      | Reached skill level 9 in Polearms
  6209 | D:6      | Noticed nht's ghost (novice MfBe)
  6216 | D:6      | Gained mutation: You are somewhat resistant to further mutation. [potion of mutation]
  6216 | D:6      | Gained mutation: You occasionally shout uncontrollably at your foes. [potion of mutation]
  6217 | D:6      | Slain by nht's ghost

Skill      XL: |  1  2  3  4  5  6  7 |
---------------+----------------------+-----
Fighting       | 1 2 3 |  3.1
Dodging        | 3 4 |  4.2
Polearms       | 3 5 8 9 |  9.5
Stealth        | |  2.1
Spellcasting   | |  2.0
Transmutations | |  1.3
Earth Magic    | |  2.4

Action                   |  1- 3 |  4- 6 |  7- 9 || total
-------------------------+-------+-------+-------++-------
Melee: Dagger            |   120 |       |       ||   120
       Whip              |    33 |    25 |       ||    58
       Trident           |       |   290 |    71 ||   361
       Short sword       |       |     2 |       ||     2
       Tailslap          |       |       |     2 ||     2
 Cast: Sandblast         |    33 |     6 |       ||    39
  Use: Scroll            |       |    16 |     1 ||    17
       Potion            |       |     1 |    10 ||    11
 Stab: Sleeping          |     4 |     8 |       ||    12
       Distracted        |       |     1 |       ||     1
  Eat: Chunk             |    19 |     9 |     2 ||    30
Armor: Robe              |    49 |     7 |       ||    56
       Ring mail         |       |    45 |    12 ||    57
       Skin              |       |     4 |    25 ||    29
Dodge: Dodged            |   133 |    98 |    28 ||   259
